 Dungeon Crawl Stone Soup version 0.31-a0-167-g1c394c0614 (webtiles) character file.

Game seed: 7343209090796826187

173 qw the Chopper (level 5, -3/32 HPs)
             Began as a Gargoyle Fighter on June 14, 2023.
             Slain by an orc wizard
             ... wielding a +0 dagger of freezing
              (4 damage)
             ... on level 3 of the Dungeon.
             The game lasted 00:01:07 (2027 turns).

qw the Chopper (Gargoyle Fighter)                   Turns: 2027, Time: 00:01:08

Health: -3/32      AC: 13    Str: 21    XL:     5   Next: 53%
Magic:  0/5        EV: 12    Int:  9    God:
Gold:   145        SH:  4    Dex:  9    Spells: 4/4 levels left

rFire   . . .        Y - +0 war axe
rCold   . . .        c - +0 buckler
rNeg    + . .        q - +0 chain mail
rPois   inf          (no helmet)
rElec   +            (no cloak)
rCorr   .            (no gloves)
SInv    .            (no boots)
Will    .....        i - amulet of guardian spirit Stlth
                     f - +5 ring of evasion
HPRegen 0.25/turn    (no ring)
MPRegen 0.09/turn

%: guardian spirit
@: no status effects
A: sickness immunity, AC +4, negative energy resistance 1, electricity
resistance, torment resistance 1, petrification resistance
a: no special abilities


You were on level 3 of the Dungeon.
You visited 1 branch of the dungeon, and saw 3 of its levels.

You collected 145 gold pieces.


Innate Abilities, Weirdness & Mutations

You are immune to sickness and miasma.
Your stone body is resilient. (AC +4)
You are immune to poison.
You resist negative energy. (rN+)
You are resistant to electric shocks. (rElec)
You are resistant to unholy torment.
You are immune to petrification.


   Skills:
 + Level 3.2 Fighting
 - Level 5.1 Axes
 - Level 3.2 Armour
 - Level 3.2 Shields


You had 4 spell levels left.
You didn't know any spells.
Your spell library was empty.

Inventory:

Hand Weapons
 a - a +1 whip of draining
 g - a +0 club
 Y - a +0 war axe (weapon)
Missiles
 j - 5 boomerangs (quivered)
Armour
 c - a +0 buckler (worn)
 q - a +0 chain mail (worn)
Jewellery
 b - an amulet of faith
 f - a +5 ring of evasion (left hand)
 i - an amulet of guardian spirit (around neck)
Scrolls
 h - a scroll of identify
 m - 4 scrolls of teleportation
Potions
 d - a potion of might
 e - a potion of magic
 p - a potion of ambrosia {unknown}
 r - a potion of invisibility {unknown}
 s - a potion of heal wounds {unknown}

Dungeon Overview and Level Annotations

Branches:
Dungeon (3/15)

Altars:
Trog
Yredelemnul


Message History

Something hits you but does no damage.
You miss something.
You feel less confused. Something hits you but does no damage.
You closely miss something. You block something's attack.
You barely miss something.
You hear some strange, mumbled words.
You are confused.
You barely miss something. Something hits you. Something freezes you.
Something hits you but does no damage. Something hits you.
Something freezes you.
You miss something. Something hits you but does no damage.
You completely miss something. Something hits you but does no damage.
You completely miss something.
You feel less confused. Something hits you but does no damage.
You miss something.
You hear some strange, mumbled words.
A puff of flame appears from out of thin air!
The puff of flame hits you but does no damage.
You hear some strange, mumbled words.
You are confused.
You barely miss something. Something hits you. Something freezes you.
Something hits you but does no damage.
You miss something. Something hits you but does no damage.
Something hits you but does no damage.
You hear some strange, mumbled words.
A puff of flame appears from out of thin air!
The puff of flame hits you! Something hits you. Something freezes you.
You feel less confused.
You barely miss something. Something hits you but does no damage.
Something hits you.
You die...

###..............##....#.
#...........####....#####
#...........# ####
#...........#
#...........#
#...........#
#..........##
#.......<..# ########@.##
#)## #.........#
#........o# #...........o
#.........### #.........#
#....>....# #...(.....#


There were no monsters in sight!

Vanquished Creatures
  An orc priest (D:3)
  An orc wizard (D:3)
  5 adders
  A worm (D:3)
  6 dart slugs
  An orc (D:3)
  4 ball pythons
  6 bats
  2 endoplasms (D:3)
  A giant cockroach (D:2)
  7 hobgoblins
  4 kobolds
  5 quokkas
  2 frilled lizards (D:3)
  8 goblins
  3 rats
57 creatures vanquished.

Notes
Turn   | Place    | Note
-------+----------+-------------------------------------------
     0 | D:1      | qw the Gargoyle Fighter began the quest for the Orb.
     0 | D:1      | Reached XP level 1. HP: 14/14 MP: 1/1
     0 | D:1      | 0 ||| qw: Version: 0.2-a-29-g1fa15c8
     0 | D:1      | 0 ||| qw: Game counter: 5032
     0 | D:1      | 0 ||| qw: Always use a shield: true
     0 | D:1      | 0 ||| qw: God list: Okawaru
     0 | D:1      | 0 ||| qw: Allow faded altars: false
     0 | D:1      | 0 ||| qw: Do Orc after D:15 true
     0 | D:1      | 0 ||| qw: Do second Lair branch before Depths: true
     0 | D:1      | 0 ||| qw: Lair rune preference: random
     0 | D:1      | 0 ||| qw: Plans: Normal, Zot:1-4, Slime:5, God:TSO, Crypt,
                  | Tomb, Abyss, Pan, Hells, Win
     0 | D:1      | 0 ||| PLANNING D:1-11
   112 | D:1      | Reached skill level 2 in Axes
   112 | D:1      | 112 ||| Stepping ~*~*~tactically~*~*~ (stealth).
   115 | D:1      | 115 ||| Stepping ~*~*~tactically~*~*~ (hiding).
   116 | D:1      | 116 ||| Stepping ~*~*~tactically~*~*~ (hiding).
   175 | D:1      | Reached XP level 2. HP: 14/19 MP: 2/2
   432 | D:1      | 432 ||| Stepping ~*~*~tactically~*~*~ (hiding).
   454 | D:1      | Reached skill level 3 in Axes
   515 | D:1      | Reached XP level 3. HP: 23/23 MP: 3/3
   775 | D:1      | 775 ||| UPGRADING to amulet of guardian spirit.
   780 | D:1      | 780 ||| UPGRADING to +5 ring of evasion.
   781 | D:1      | 781 ||| READING scroll labelled KOR LEIPEUG.
   786 | D:1      | 786 ||| READING 2 scrolls labelled FAOPEC UMUI.
   837 | D:2      | 837 ||| Stepping ~*~*~tactically~*~*~ (hiding).
   846 | D:2      | 846 ||| Stepping ~*~*~tactically~*~*~ (stealth).
   847 | D:2      | 847 ||| Stepping ~*~*~tactically~*~*~ (stealth).
   848 | D:2      | 848 ||| Stepping ~*~*~tactically~*~*~ (stealth).
   862 | D:2      | 862 ||| Stepping ~*~*~tactically~*~*~ (stealth).
   863 | D:2      | 863 ||| Stepping ~*~*~tactically~*~*~ (stealth).
   930 | D:2      | Found a basalt altar of Yredelemnul.
  1094 | D:2      | Found a faded altar of an unknown god.
  1097 | D:2      | Reached XP level 4. HP: 28/28 MP: 4/4
  1116 | D:2      | 1116 ||| Stepping ~*~*~tactically~*~*~ (hiding).
  1117 | D:2      | 1117 ||| Stepping ~*~*~tactically~*~*~ (hiding).
  1457 | D:2      | Reached skill level 4 in Axes
  1602 | D:2      | 1602 ||| UPGRADING to +0 chain mail.
  1612 | D:2      | 1612 ||| DROPPING +0 scale mail.
  1613 | D:2      | 1613 ||| READING scroll labelled TATORA VIGGYGG.
  1626 | D:2      | 1626 ||| READING scroll labelled XOENEE VUMU.
  1627 | D:2      | 1627 ||| READING scroll labelled FIWKOA GYCEFF.
  1628 | D:2      | 1628 ||| READING scroll labelled CASOTA HOAZY.
  1629 | D:2      | 1629 ||| READING 2 scrolls of identify.
  1629 | D:2      | 1629 ||| IDENTIFYING cyan potion
  1683 | D:3      | 1683 ||| Stepping ~*~*~tactically~*~*~ (hiding).
  1690 | D:3      | 1690 ||| Stepping ~*~*~tactically~*~*~ (hiding).
  1692 | D:3      | 1692 ||| Stepping ~*~*~tactically~*~*~ (hiding).
  1795 | D:3      | 1795 ||| Stepping ~*~*~tactically~*~*~ (stealth).
  1872 | D:3      | 1872 ||| Stepping ~*~*~tactically~*~*~ (stealth).
  1875 | D:3      | 1875 ||| Stepping ~*~*~tactically~*~*~ (stealth).
  1912 | D:3      | Found a bloodstained altar of Trog.
  1987 | D:3      | Reached XP level 5. HP: 32/32 MP: 5/5
  1992 | D:3      | 1992 ||| Stepping ~*~*~tactically~*~*~ (stealth).
  2005 | D:3      | Reached skill level 5 in Axes
  2025 | D:3      | HP: 3/32 [something/puff of flame (8)]
  2026 | D:3      | HP: 1/32 [something (1)]
  2027 | D:3      | Slain by an orc wizard

Levels and vault maps discovered:
D:1:      dpeg_arrival_solitude, layout_loops_ring, serial_forest,
          infiniplex_forest_lined_room_, infiniplex_forest_lined_2,
          infiniplex_forest_clump_tiny, infiniplex_forest_fountain,
          infiniplex_forest_lined_room_2, infiniplex_forest_clump_diagonal,
          minmay_pentomino_u2
D:2:      layout_loops_cross, hellmonk_ecumenical_altar_lost_god, basic_altar,
          bh_walls_and_bars
D:3:      layout_rooms, tso_altar, trog_hazing_becter

Skill      XL: |  1  2  3  4  5 |
---------------+----------------+-----
Axes           | 2 3 4 5 |  5.1
Fighting       | |  3.2
Armour         | |  3.2
Shields        | |  3.2

Action                     |  1- 3 |  4- 6 || total
---------------------------+-------+-------++-------
  Melee: War axe           |    94 |    63 ||   157
  Throw: Boomerang         |     9 |    70 ||    79
    Use: Scroll            |     2 |     5 ||     7
 Armour: Scale mail        |    48 |     6 ||    54
         Chain mail        |       |    42 ||    42
  Dodge: Dodged            |    55 |    31 ||    86
  Block: Buckler           |    20 |    12 ||    32

Table legend:
 A = Non-vault XP
 B = Vault XP
 C = Vault XP percentage of total XP
 D = Non-vault monster count
 E = Vault monster count
 F = Vault count percentage of total count
                 A         B        C        D         E       F
            +---------+---------+-------+---------+---------+-------
      Total |     233 |      15 |   6.0 |      50 |       7 |  12.3
            +---------+---------+-------+---------+---------+-------
        D:1 |      38 |       4 |   9.5 |      19 |       1 |   5.0
        D:2 |      65 |       0 |   0.0 |      14 |       0 |   0.0
        D:3 |     130 |      11 |   7.8 |      17 |       6 |  26.1
            +---------+---------+-------+---------+---------+-------
